Map: Flooded City

Players

Metasapien - Winner!

  • Race: Zerg Zerg
  • League: Platinum
  • Spawn Location: 6:00

Kswiss - Winner!

  • Race: Protoss Protoss
  • League: Silver
  • Spawn Location: 6:00

Cosmos

  • Race: Zerg Zerg
  • Spawn Location: 12:00

Bathory

  • Race: Protoss Protoss
  • Spawn Location: 12:00

VOD

Have the link to the VOD?

Description

Time

  • Played on: Sept. 22, 2017, 11:53 p.m.
  • Length: 12:55
Show
View Real Time Build Order
Export as new Build Order

Metasapien Zerg - Winner!

Build Orders: Pool First 

Get SALT Encoding   

  12  0:01  Drone  
  13  0:23  Spawning Pool  
  13  0:26  Drone  
  13  0:32  Extractor  
  13  0:33  Drone  
  13  0:42  Overlord  
  13  0:50  Drone  
  13  0:53  Extractor  
  13  0:54  Drone  
  15  1:01  Drone  
  16  1:11  Drone  
  17  1:25  Drone  
  18  1:32  Drone  
  19  1:36  Metabolic Boost  
  19  1:41  Drone  
  20  1:58  Hatchery  
  19  2:01  Overlord  
  19  2:04  Drone  
  20  2:17  Drone  
  22  2:30  Drone  
  22  2:35  Queen  
  24  2:37  Overlord  
  24  2:52  Hatchery  
  24  2:53  Overlord  
  23  3:10  Zergling x4  
  23  3:11  Queen  
  27  3:13  Drone  
  28  3:24  Drone  
  29  3:28  Zergling x2  
  30  3:36  Drone  
  31  3:42  Zergling x2  
  31  3:43  Zergling x2  
  33  3:50  Lair  
  33  3:51  Drone  
  33  3:52  Roach Warren  
  33  3:54  Drone  
  34  4:09  Drone  
  35  4:12  Zergling x6  
  35  4:13  Zergling x4  
  40  4:23  Queen  
  42  4:25  Zergling x2  
  42  4:26  Drone x2, Zergling x2  
  42  4:27  Drone  
  47  4:40  Roach x2  
  47  4:41  Roach x3  
  47  4:43  Overlord  
  57  4:46  Overlord  
  51  5:05  Roach x2  
  51  5:06  Roach x2  
  57  5:07  Zergling x6  
  57  5:18  Drone  
  58  5:23  Drone  
  58  5:25  Hydralisk Den  
  58  5:26  Drone  
  58  5:27  Drone, Extractor  
  56  5:54  Overlord x3, Hydralisk x2, Roach  
  56  5:55  Hydralisk x3  
  65  5:58  Drone x5  
  65  6:02  Drone x2  
  65  6:03  Drone x2  
  66  6:21  Zergling x2  
  66  6:22  Zergling x8  
  63  6:39  Drone x3  
  66  6:44  Overlord x3  
  66  6:45  Hydralisk x2  
  66  6:46  Roach  
  72  6:48  Extractor  
  72  6:50  Drone, Extractor  
  72  6:51  Drone  
  72  6:52  Drone x3  
  75  6:59  Extractor  
  74  7:02  Extractor  
  73  7:09  Hydralisk  
  73  7:10  Roach  
  77  7:25  Drone x3  
  77  7:27  Drone  
  77  7:28  Drone x2  
  77  7:29  Drone  
  84  7:36  Queen  
  84  7:37  Queen  
  86  7:42  Drone x2  
  86  7:43  Drone, Infestation Pit  
  90  7:46  Drone x3  
  90  7:48  Hydralisk  
  90  7:49  Roach x2  
  90  7:50  Roach  
  100  7:53  Overlord x3  
  100  7:54  Overlord  
  100  8:03  Queen  
  102  8:07  Hatchery  
  102  8:09  Drone x2  
  102  8:11  Pneumatized Carapace  
  103  8:20  Overseer  
  103  8:33  Hydralisk x3  
  103  8:34  Roach x4, Hydralisk x3  
  113  8:35  Roach x3  
  113  8:38  Overlord x2  
  129  8:48  Muscular Augments  
  129  8:51  Overlord, Drone  
  129  8:55  Evolution Chamber  
  129  8:59  Evolution Chamber  
  129  9:02  Drone x2  
  130  9:03  Drone x3  
  130  9:06  Hydralisk x2  
  130  9:07  Roach, Hydralisk  
  130  9:08  Roach  
  143  9:45  Hydralisk x3  
  143  9:46  Overlord x2, Hydralisk, Roach x5  
  143  9:47  Overlord  
  143  9:52  Nydus Network  
  160  9:53  Drone  
  161  10:05  Hydralisk x4  
  161  10:06  Roach x5, Hydralisk  
  179  10:36  Roach, Hydralisk x4  
  179  10:37  Roach x4, Hydralisk  
  199  11:19  Overseer x2  
  194  12:04  Drone, Extractor  
  194  12:05  Drone  
  194  12:06  Extractor  
  194  12:13  Ravager x3  
  194  12:14  Ravager x2  
  199  12:18  Hatchery  
Show
View Real Time Build Order
Export as new Build Order

Kswiss Protoss - Winner!

Build Orders:  

Get SALT Encoding   

  12  0:03  Probe (Chrono Boost)  
  13  0:14  Probe (Chrono Boost)  
  14  0:34  Probe (Chrono Boost)  
  15  0:46  Pylon  
  15  0:51  Assimilator  
  15  1:04  Probe (Chrono Boost)  
  15  1:08  Pylon  
  16  1:15  Probe (Chrono Boost)  
  17  1:19  Gateway  
  17  1:20  Gateway  
  18  1:25  Probe (Chrono Boost)  
  18  1:28  Gateway  
  18  1:36  Probe (Chrono Boost)  
  19  1:46  Probe (Chrono Boost)  
  20  1:51  Assimilator  
  20  1:57  Probe (Chrono Boost)  
  21  2:16  Forge  
  21  2:20  Zealot x2  
  21  2:21  Zealot  
  27  2:28  Pylon  
  27  2:36  Probe (Chrono Boost)  
  28  2:47  Probe (Chrono Boost)  
  28  2:49  Zealot (Chrono Boost)  
  28  2:51  Zealot x2 (Chrono Boost)  
  35  3:07  Photon Cannon  
  35  3:11  Photon Cannon  
  35  3:21  Zealot (Chrono Boost)  
  35  3:25  Zealot (Chrono Boost)  
  39  3:33  Pylon  
  39  3:43  Cybernetics Core  
  39  3:49  Pylon  
  39  3:55  Zealot (Chrono Boost)  
  41  3:59  Zealot (Chrono Boost)  
  43  4:03  Zealot (Chrono Boost)  
  45  4:13  Protoss Ground Weapons Level 1  
  45  4:41  Zealot (Chrono Boost)  
  45  4:44  Zealot (Chrono Boost)  
  45  4:45  Zealot (Chrono Boost)  
  35  5:49  Nexus  
  33  5:57  Nexus  
  33  5:59  Warp Gate (Chrono Boost)  
  27  6:11  Zealot x3 (Chrono Boost)  
  33  6:16  Protoss Ground Armor Level 1 (Chrono Boost)  
  33  6:22  Twilight Council  
  33  6:30  Robotics Facility  
  33  6:34  Probe  
  34  6:46  Probe  
  31  6:59  Probe  
  32  7:02  Gateway  
  32  7:10  Dark Shrine  
  32  7:12  Probe  
  33  7:22  Probe  
  34  7:31  Immortal (Chrono Boost)  
  34  7:33  Probe  
  39  7:43  Probe  
  40  7:52  Stalker  
  40  7:53  Stalker x2  
  40  7:54  Probe  
  47  8:03  Pylon  
  47  8:12  Pylon  
  47  8:15  Blink (Chrono Boost)  
  47  8:18  Probe  
  47  8:24  Probe  
  49  8:29  Probe  
  50  8:34  Probe  
  50  8:39  Probe  
  52  8:45  Probe  
  53  8:50  Probe  
  53  8:55  Probe, Dark Templar x2  
  56  8:56  Pylon, Dark Templar  
  56  9:00  Probe  
  62  9:06  Probe  
  63  9:17  Probe  
  64  9:26  Dark Templar  
  64  9:27  Probe  
  67  9:34  Gateway  
  67  9:35  Gateway  
  67  9:38  Probe  
  67  9:40  Gateway  
  68  9:47  Dark Templar x2  
  68  9:48  Probe, Dark Templar  
  68  9:49  Forge  
  66  10:30  Charge (Chrono Boost)  
  66  10:33  Protoss Ground Weapons Level 2 (Chrono Boost)  
  66  10:47  Protoss Ground Armor Level 2 (Chrono Boost), Stalker x3  
  66  10:48  Stalker  
  74  10:50  Stalker  
  74  10:51  Stalker  
  78  10:58  Immortal (Chrono Boost)  
  78  11:02  Probe  
  83  11:08  Assimilator  
  83  11:10  Assimilator  
  83  11:12  Probe  
  83  11:13  Probe, Assimilator  
  83  11:15  Assimilator  
  85  11:20  Dark Templar  
  85  11:22  Probe  
  85  11:23  Probe  
  89  11:33  Probe  
  89  11:34  Probe  
  91  11:40  Immortal  
  91  11:43  Probe  
  91  11:44  Probe  
  97  11:53  Stalker  
  99  11:54  Probe, Stalker x2  
  99  11:59  Zealot x2  
  108  12:08  Pylon x2  
  108  12:09  Pylon  
  108  12:11  Pylon  
  108  12:12  Pylon  
  68  12:51  Stalker x4  
  72  12:52  Stalker x3  
Show
View Real Time Build Order
Export as new Build Order

Cosmos Zerg 

Build Orders: Pool First 

Get SALT Encoding   

  12  0:06  Drone  
  13  0:10  Drone  
  14  0:20  Drone, Extractor  
  14  0:24  Overlord  
  14  0:44  Spawning Pool  
  14  0:47  Drone  
  14  0:51  Drone  
  14  0:56  Drone  
  16  1:02  Drone  
  17  1:12  Drone  
  18  1:31  Metabolic Boost  
  18  1:33  Queen  
  18  1:34  Drone  
  18  1:35  Drone  
  22  1:44  Overlord  
  22  1:55  Extractor  
  21  2:06  Zergling x2  
  22  2:13  Zergling x2  
  23  2:16  Lair  
  23  2:21  Zergling x2  
  24  2:31  Evolution Chamber  
  23  2:43  Zergling x4  
  23  2:44  Zergling x6  
  28  3:21  Nydus Network  
  28  3:23  Hydralisk Den  
  26  3:38  Zerg Ground Armor Level 1  
  26  3:48  Drone x2  
  26  3:49  Drone x2  
  30  3:57  Overlord x3  
  30  4:29  Hatchery  
  29  4:38  Hydralisk  
  29  4:40  Hydralisk  
  30  4:54  Hydralisk  
  27  5:04  Spine Crawler  
  24  5:11  Spine Crawler  
  24  5:13  Zergling x4  
  5  6:11  Zergling x10  
  10  6:21  Queen  
  12  6:53  Drone x3  
  15  6:58  Drone  
  16  7:03  Drone  
  17  7:25  Drone  
  17  7:26  Drone x2  
  20  7:33  Drone  
  20  7:34  Drone  
  20  7:36  Drone  
  18  8:04  Hydralisk Den  
  17  8:06  Zergling x4  
  17  8:07  Zergling x2  
  17  8:10  Zergling x2  
  17  8:11  Zergling x6  
  24  8:20  Zerg Missile Weapons Level 1  
  24  8:24  Drone x2  
  26  8:30  Drone  
  26  8:31  Drone  
  28  8:48  Hydralisk x2  
  28  8:51  Zergling x2  
  32  9:00  Hydralisk x2  
  36  9:15  Nydus Canal  
  36  9:20  Hydralisk x2  
  40  9:24  Queen  
  23  10:22  Hydralisk x4  
  23  10:27  Drone  
  23  10:28  Drone x2  
  34  10:44  Hatchery  
  34  10:45  Hydralisk  
  35  10:53  Overlord x4  
  35  11:08  Drone  
  35  11:10  Overlord x3  
  36  11:14  Extractor  
  36  11:17  Extractor  
  34  11:21  Drone  
  34  11:22  Drone x2  
  37  11:27  Hydralisk x2  
  33  11:54  Hydralisk x3  
  39  12:03  Drone x3  
  39  12:05  Drone  
  39  12:06  Drone x2  
  45  12:09  Hydralisk  
  45  12:12  Hydralisk  
  49  12:23  Overseer  
Show
View Real Time Build Order
Export as new Build Order

Bathory Protoss 

Build Orders:  

Get SALT Encoding   

  12  0:01  Probe (Chrono Boost)  
  13  0:12  Probe (Chrono Boost)  
  14  0:22  Probe (Chrono Boost)  
  14  0:27  Pylon  
  15  0:45  Probe (Chrono Boost)  
  15  0:46  Gateway  
  16  0:56  Probe (Chrono Boost)  
  17  0:58  Forge  
  17  1:07  Assimilator  
  17  1:17  Pylon  
  17  1:36  Cybernetics Core  
  17  1:38  Pylon  
  17  1:54  Pylon  
  17  2:03  Photon Cannon  
  17  2:06  Photon Cannon  
  17  2:10  Probe (Chrono Boost)  
  18  2:20  Probe (Chrono Boost), Zealot  
  21  2:31  Probe  
  21  2:33  Assimilator  
  22  2:47  Probe, Zealot  
  25  2:54  Warp Gate (Chrono Boost)  
  25  2:59  Probe  
  25  3:04  Pylon  
  26  3:06  Pylon  
  26  3:11  Probe  
  27  3:21  Gateway  
  27  3:25  Gateway  
  27  3:29  Stalker  
  29  3:50  Pylon  
  29  4:01  Stalker  
  31  4:16  Photon Cannon  
  31  4:17  Photon Cannon  
  31  4:48  Stalker x3  
  29  5:12  Stalker x2  
  29  5:13  Stalker  
  33  5:36  Stalker x3  
  31  6:02  Stalker x3  
  27  6:26  Stalker x3  
  31  6:42  Stargate  
  31  6:52  Stalker x3  
  37  7:27  Assimilator  
  37  7:31  Assimilator  
  37  7:33  Nexus  
  37  7:40  Void Ray (Chrono Boost)  
  37  7:43  Stalker x3  
  47  8:22  Void Ray (Chrono Boost)  
  51  8:28  Stargate  
  51  8:51  Pylon  
  51  9:01  Void Ray (Chrono Boost)  
  55  9:11  Probe  
  56  9:17  Probe  
  56  9:23  Probe  
  58  9:29  Probe  
  58  9:31  Void Ray (Chrono Boost)  
  63  9:35  Probe  
  64  9:41  Probe  
  64  9:44  Void Ray (Chrono Boost)  
  69  9:58  Probe  
  70  10:05  Protoss Air Weapons Level 1  
  70  10:10  Probe  
  71  10:20  Void Ray (Chrono Boost)  
  75  10:22  Probe  
  76  10:34  Probe  
  77  10:43  Pylon  
  77  10:44  Pylon  
  77  10:45  Pylon  
  77  11:01  Void Ray x2 (Chrono Boost)  
  85  11:19  Robotics Facility  
  85  11:39  Void Ray x2 (Chrono Boost)  
  93  12:13  Observer  
Tags
 
Add a new tag
Caveats
  • Supply blocks, unpowered buildings, or Contaminate may cause inaccurate times.
  • Supply counts are checked every 10 seconds.